 Dungeon Crawl Stone Soup version 0.29-a0-271-gd4eb659eea (webtiles) character file.

Game seed: 8545554841997400365

4530 Morbidden the Grappler (level 10, -8/94 HPs)
             Began as a Troll Monk on Mar 8, 2022.
             Was a Priest of Cheibriados.
             Mangled by Maurice
             ... wielding a +0 dagger
              (12 damage)
             ... on level 8 of the Dungeon.
             The game lasted 00:08:13 (6332 turns).

Morbidden the Grappler (Troll Monk)                 Turns: 6332, Time: 00:08:14

Health: -8/94      AC: -3    Str: 29    XL:     10   Next: 17%
Magic:  13/13      EV: 13    Int: 18    God:    Cheibriados [***...]
Gold:   0          SH:  0    Dex: 20    Spells: 15/15 levels left

rFire   + . .      SeeInvis .     - Unarmed
rCold   + + .      Faith    .   (no shield)
rNeg    + . .      Spirit   .   h - +1 robe {rC+ rF+}
rPois   .          Reflect  .   (helmet restricted)
rElec   .          Harm     .   (no cloak)
rCorr   .          Rampage  .   (gloves unavailable)
Will    .....                   (boots unavailable)
Stlth   ++........              j - amulet of regeneration
HPRegen 1.85/turn               n - ring of positive energy
MPRegen 0.13/turn               l - ring of protection from cold

@: corroded, very slow
A: large, unfitting armour, claws 3, regeneration 1, shaggy fur 1, tough skin 1
a: Renounce Religion, Bend Time, Temporal Distortion


You were on level 8 of the Dungeon.
You worshipped Cheibriados.
Cheibriados was most pleased with you.
You visited 2 branches of the dungeon, and saw 9 of its levels.

You collected 210 gold pieces.
You spent 210 gold pieces at shops.

Inventory:

Missiles
 f - 7 boomerangs (quivered)
 i - a poisoned dart
Armour
 h - a +1 robe of resistance (worn)
Jewellery
 j - an amulet of regeneration (around neck)
 k - a +6 ring of intelligence
 l - a ring of protection from cold (right claw)
 n - a ring of positive energy (left claw)
 t - an amulet of guardian spirit
Wands
 b - a wand of polymorph (8)
 w - a wand of paralysis (13)
 A - a wand of iceblast (9)
Scrolls
 a - 2 scrolls of enchant weapon {unknown}
 c - 5 scrolls of teleportation
 d - 4 scrolls of identify
 e - 2 scrolls of immolation
 m - 2 scrolls of noise {unknown}
 p - a scroll of magic mapping {unknown}
 q - 2 scrolls of blinking {unknown}
 r - a scroll of fog {unknown}
 u - a scroll of fear {unknown}
 y - a scroll of silence {unknown}
Potions
 o - a potion of brilliance
 s - a potion of degeneration {unknown}


   Skills:
 * Level 4.8 Fighting
 + Level 2.3 Throwing
 * Level 5.9 Dodging
 + Level 2.1 Stealth
 * Level 10.5 Unarmed Combat
 * Level 3.0 Spellcasting
 * Level 2.6 Invocations


You had 15 spell levels left.
You didn't know any spells.
Your spell library contained the following spells:

 Spells                   Type           Power      Damage    Failure   Level
 Call Canine Familiar     Summ           2%         N/A       43%         3
 Portal Projectile        Hex/Tloc       4%         N/A       43%         3
 Tukima's Dance           Hex            2%         N/A       43%         3
 Anguish                  Hex/Necr       1%         N/A       85%         4
 Leda's Liquefaction      Hex/Erth       1%         N/A       85%         4
 Enfeeble                 Hex            1%         N/A       100%        7


Dungeon Overview and Level Annotations

Branches:
Dungeon (8/15)             Temple (1/1) D:6
   Lair: D:8-11

Altars:
Ashenzari
Cheibriados
Dithmenos
Elyvilon
Fedhas
Gozag
Hepliaklqana
Kikubaaqudgha
Makhleb
Nemelex Xobeh
Okawaru
Qazlal
Ru
Sif Muna
Trog
Uskayaw
Vehumet
Wu Jian
Xom
Yredelemnul
Zin

Shops:
D:8 =

Annotations:
D:6 3 runed translucent doors, dricus's ghost, novice GnWn
D:8 Maurice


Innate Abilities, Weirdness & Mutations

You are too large for most types of armour.
You have claws for hands.
Your natural rate of healing is unusually fast.
You are covered in fur. (AC +1)
You have tough skin. (AC +1)


Message History

You feel less confused. Something hits you.
Something steals 396 gold pieces!
You now have 844 gold pieces.
You barely miss something. You claw something. You closely miss something.
You miss something. Something hits you but does no damage.
You miss something. Something barely misses you. Something hits you!
Something steals your bubbling coppery potion!
You scratch something.
You hear a zap.
Something tries to affect you, but you resist.
You barely miss something. Something hits you.
Something steals 680 gold pieces!
You now have 164 gold pieces.
You claw something! Something hits you but does no damage.
You mangle something!! Something hits you.
Something steals 164 gold pieces!
You now have 0 gold pieces.
You barely miss something. Your claw misses something.
You hear a zap.
Your will is overpowered!
You are confused.
The now-empty wand crumbles to dust.
You hear some strange, mumbled words.
You hear some strange, mumbled words.
Unknown command.
Something hits you. Something steals your wand of acid (9)!
You hear some strange, mumbled words.
You feel less confused.
You hear a zap.
A bolt of acid appears from out of thin air!
The bolt of acid hits you!!! The acid corrodes you!
You hear a zap.
A bolt of acid appears from out of thin air!
The bolt of acid hits you!!!
* * * LOW HITPOINT WARNING * * *
The acid corrodes you!
Unknown command.
It was a potion of magic.
Magic courses through your body. Something hits you.
* * * LOW HITPOINT WARNING * * *
Something mutters, "Now where did you hide it?"
Something hits you!
You die...

########### #.......# #
#.........# #.......# #
#.........# ##.......# #
#.........##.#######.####
#?.....................##
#.........# #######.#.##
#.........# #.#.##
#.........# #.#.##
#......{@.####### #.#.##
#.....).......... ..#.##
#########.############...
#.# #.......... #.#
#.######### #.# #.# #.#
#.# #.# #.# #.# #.#


There were no monsters in sight!

Vanquished Creatures
  Pikel (D:4)
  A wyvern (D:7)
  5 yaks (D:8)
  A steam dragon (D:8)
  Menkaure (D:6)
  Edmund (D:4)
  2 water moccasins
  Duvessa (D:4)
  2 orc warriors (D:8)
  A sky beast (D:6)
  2 ice beasts
  2 ogres
  A centaur (D:8)
  2 lemures (D:4)
  Blork the orc (D:4)
  4 bullfrogs
  5 scorpions
  Dowan (D:4)
  A howler monkey (D:7)
  A jelly (D:8)
  4 orc priests
  A gnoll shaman (D:4)
  4 hounds
  3 iguanas
  8 orc wizards
  Natasha (thrice) (D:3)
  5 gnolls (D:4)
  7 adders
  A white imp (D:6)
  An ufetubus (D:5)
  2 worms
  3 dart slugs
  33 orcs
  5 endoplasms
  A giant cockroach (D:3)
  2 hobgoblins (D:3)
  A jackal (D:2)
  10 kobolds
  A quokka (D:3)
  2 ball pythons (D:2)
  4 bats
  3 frilled lizards
  5 goblins
  4 rats
149 creatures vanquished.

Vanquished Creatures (others)
  Psyche (D:8)
1 creature vanquished.

Grand Total: 150 creatures vanquished

Notes
Turn   | Place    | Note
-------+----------+-------------------------------------------
     0 | D:1      | Morbidden the Troll Monk began the quest for the Orb.
     0 | D:1      | Reached XP level 1. HP: 22/22 MP: 0/0
    10 | D:1      | Found a faded altar of an unknown god.
    19 | D:1      | You fall into a shaft and drop 1 floor!
    45 | D:2      | Found an iron altar of Okawaru.
   159 | D:2      | Reached XP level 2. HP: 29/29 MP: 1/1
   313 | D:2      | Reached XP level 3. HP: 36/36 MP: 2/2
   856 | D:3      | Noticed Natasha
   863 | D:3      | Killed Natasha
   864 | D:3      | Reached XP level 4. HP: 33/44 MP: 3/3
  1779 | D:3      | Noticed Natasha
  1790 | D:3      | Killed Natasha
  1791 | D:3      | Reached skill level 4 in Unarmed Combat
  1859 | D:3      | Noticed Natasha
  1865 | D:3      | Killed Natasha
  1866 | D:3      | Reached XP level 5. HP: 51/53 MP: 5/5
  2618 | D:4      | Reached skill level 1 in Spellcasting
  2784 | D:4      | Reached XP level 6. HP: 49/61 MP: 6/6
  2829 | D:4      | Reached skill level 5 in Unarmed Combat
  2852 | D:4      | Noticed Dowan
  2853 | D:4      | Noticed Duvessa
  2870 | D:4      | Killed Duvessa
  2903 | D:4      | Killed Dowan
  2904 | D:4      | Reached XP level 7. HP: 66/67 MP: 6/8
  2957 | D:4      | Noticed Edmund
  2972 | D:4      | Killed Edmund
  2973 | D:4      | Reached skill level 6 in Unarmed Combat
  3056 | D:4      | Noticed Pikel
  3099 | D:4      | Killed Pikel
  3100 | D:4      | Reached skill level 7 in Unarmed Combat
  3100 | D:4      | Reached XP level 8. HP: 41/78 MP: 8/10
  3101 | D:4      | Reached skill level 1 in Throwing
  3526 | D:4      | Noticed Blork the orc
  3535 | D:4      | Killed Blork the orc
  3752 | D:5      | Entered Level 5 of the Dungeon
  3764 | D:5      | Reached skill level 8 in Unarmed Combat
  3946 | D:5      | Reached skill level 5 in Dodging
  4446 | D:6      | Found a staircase to the Ecumenical Temple.
  4470 | Temple   | Entered the Ecumenical Temple
  4605 | Temple   | Became a worshipper of Cheibriados the Contemplative
  4605 | Temple   | Reached * piety under Cheibriados
  4605 | Temple   | Reached ** piety under Cheibriados
  4668 | D:6      | Noticed Menkaure
  4677 | D:6      | Killed Menkaure
  4678 | D:6      | Reached XP level 9. HP: 49/84 MP: 11/11
  4728 | D:6      | Found a runed translucent gate.
  4729 | D:6      | Found a runed translucent gate.
  4731 | D:6      | Found a runed translucent gate.
  4731 | D:6      | Noticed a two-headed ogre
  4731 | D:6      | Noticed dricus's ghost (novice GnWn)
  4876 | D:6      | Identified a scroll of acquirement
  4891 | D:6      | Reached skill level 9 in Unarmed Combat
  5104 | D:6      | Acquired 1009 gold pieces
  5281 | D:7      | Reached skill level 1 in Invocations
  5309 | D:7      | Found a broken altar of Ashenzari.
  5989 | D:8      | Reached *** piety under Cheibriados
  6009 | D:8      | Noticed Psyche
  6016 | D:8      | Killed Psyche
  6052 | D:8      | Reached skill level 10 in Unarmed Combat
  6143 | D:8      | Found Hasuta's Jewellery Boutique.
  6149 | D:8      | Bought a ring of see invisible for 210 gold pieces
  6246 | D:8      | Reached XP level 10. HP: 91/94 MP: 13/13
  6301 | D:8      | Noticed Maurice
  6332 | D:8      | HP: 4/94 [something (6)]
  6332 | D:8      | Mangled by Maurice

Illustrated notes

Levels and vault maps discovered:
D:1:      tarquinn_simple_flora_water_e, layout_basic,
          nicolae_ecumenical_lake_church
D:2:      minmay_alternating_diamond, layout_loops_ring, basic_altar,
          minivault_26, minmay_tromino_v4_b
D:3:      layout_basic, uniq_natasha
D:4:      layout_loops_ring, nicolae_underground_beach, uniq_edmund, uniq_pikel,
          uniq_duvessa, uniq_blork_the_orc
D:5:      layout_basic
D:6:      layout_cave_pools, minmay_temple_entry_sparse_star,
          gammafunk_ghost_split, minivault_11,
          minmay_a_box_with_orc_wizards_in_it, uniq_menkaure
D:7:      layout_loops_cross, cheibrodos_ashenzari_chains
D:8:      layout_basic, serial_shops, shop, sigmund_army, uniq_psyche,
          uniq_maurice
Temple:   regret_index_temple_sigil_plot

Skill      XL: |  1  2  3  4  5  6  7  8  9 10 |
---------------+-------------------------------+-----
Dodging        | 3 4 5 |  5.9
Fighting       | 3 4 |  4.8
Unarmed Combat | 4 5 7 8 10 | 10.5
Spellcasting   | 1 2 3 |  3.0
Throwing       | 1 2 |  2.3
Invocations    | 2 |  2.6
Stealth        | 2 |  2.1

Action                   |  1- 3 |  4- 6 |  7- 9 | 10-12 || total
-------------------------+-------+-------+-------+-------++-------
Melee: Unarmed           |    65 |   127 |   262 |    31 ||   485
       Punch             |       |     6 |    15 |     2 ||    23
Throw: Boomerang         |       |     8 |    34 |       ||    42
  Use: Potion            |       |     1 |     2 |     1 ||     4
       Scroll            |       |       |     5 |       ||     5
 Stab: Sleeping          |     1 |     1 |     3 |       ||     5
       Invisible         |       |       |     1 |       ||     1
Armor: Robe              |    21 |    26 |    49 |     4 ||   100
       Skin              |       |     2 |    24 |       ||    26
Dodge: Dodged            |    41 |    54 |   154 |     6 ||   255

Table legend: (Time is in decaauts)
 A = Elapsed time spent in this place.
 B = Non-inter-level travel time spent in this place.
 C = Inter-level travel time spent in this place.
 D = Time resting spent in this place.
 E = Time spent auto-exploring this place.
 F = Levels seen in this place.
 G = Mean time per level.
                   A        B        C        D        E       F      G
               +--------+--------+--------+--------+--------+-----+--------+
         Total |   7021 |   6830 |    191 |    193 |   5421 |   9 |  780.1 |
       Dungeon |   6853 |   6694 |    159 |    193 |   5324 |   8 |  856.6 |
        Temple |    168 |    136 |     32 |      0 |     97 |   1 |  168.0 |
               +--------+--------+--------+--------+--------+-----+--------+

Top non-repeatable levels by time:
     D:3: 1812 daAuts
     D:4: 1140 daAuts
     D:6: 948 daAuts
     D:7: 903 daAuts
     D:2: 763 daAuts
     D:5: 672 daAuts
     D:8: 593 daAuts
  Temple: 168 daAuts
     D:1: 19 daAuts
